 Dungeon Crawl Stone Soup version 0.22-a0-603-gfc1114d (webtiles) character file.

105 sking99 the Skirmisher (level 4, 0/29 HPs)
             Began as a Gargoyle Fighter on July 7, 2018.
             Slain by an ogre
             ... wielding a +0 giant club
              (3 damage)
             ... on level 3 of the Dungeon.
             The game lasted 00:03:19 (1429 turns).

sking99 the Skirmisher (Gargoyle Fighter)           Turns: 1429, Time: 00:03:20

Health: 0/29       AC: 16    Str: 19    XL:     4   Next: 81%
Magic:  4/4        EV:  3    Int:  9    God:
Gold:   72         SH:  9    Dex: 10    Spells: 3/3 levels left

rFire    . . .     SeeInvis .   a - +0 flail
rCold    . . .     Gourm    .   c - +0 shield
rNeg     + . .     Faith    .   q - +0 plate armour
rPois    ∞         Spirit   .   (no helmet)
rElec    +         Reflect  .   m - +0 cloak
rCorr    .         Harm     .   (no gloves)
MR       .....                  (no boots)
Stlth    ..........             (no amulet)
HPRegen  0.09/turn              (no ring)
MPRegen  0.09/turn              (no ring)

@: no status effects
A: negative energy resistance 1, electricity resistance, unbreathing,
petrification resistance, rot immunity, AC +3
a: no special abilities


You were on level 3 of the Dungeon.
You were not hungry.

You visited 1 branch of the dungeon, and saw 3 of its levels.

You collected 72 gold pieces.

Inventory:

Hand Weapons
 a - a +0 flail (weapon)
Armour
 c - a +0 shield (worn)
 m - a +0 cloak (worn)
 q - a +0 plate armour (worn)
Scrolls
 e - 2 scrolls of teleportation {unknown}
 h - a scroll of noise {unknown}
 i - 3 scrolls of remove curse {unknown}
 j - a scroll of blinking {unknown}
 k - a scroll of amnesia {unknown}
 o - 4 scrolls of identify {unknown}
Potions
 d - a potion of might
 l - a potion of curing {unknown}
 n - a potion of degeneration {unknown}
 p - a potion of flight {unknown}
Comestibles
 b - 14 chunks of flesh
 f - 3 rations


   Skills:
 + Level 4.2 Fighting
 * Level 4.1 Maces & Flails
 - Level 3.2 Armour
 - Level 3.2 Shields


You had 3 spell levels left.
You didn't know any spells.
Your spell library was empty.

Dungeon Overview and Level Annotations

Branches:
Dungeon (3/15)

Altars:


Innate Abilities, Weirdness & Mutations

You are resistant to torment.
Your stone body is resilient. (AC +3)
You are immune to poison.
You resist negative energy. (rN+)
You are resistant to electric shocks. (rElec)
You can survive without breathing.
You are immune to petrification.
You are immune to rotting.


Message History

You thump the ogre!
The ogre is moderately wounded.
You block the jackal's attack. The hobgoblin barely misses you.
The jackal bites you but does no damage. x2
You block the ogre's attack. The goblin hits you but does no damage.
You sock the ogre!
The ogre is heavily wounded.
You block the jackal's attack.
The jackal bites you but does no damage.
The hobgoblin hits you but does no damage.
The goblin hits you but does no damage.
The jackal bites you but does no damage.
The ogre hits you with a giant club!!
Ouch! That really hurt!
* * * LOW HITPOINT WARNING * * *
The jackal bites you but does no damage.
You block the hobgoblin's attack.
Some of the chunks of flesh in your inventory have rotted away.
The goblin hits you but does no damage. The ogre hits you with a giant club.
You die...

...........# ###########
#..........###.........#
#.......... ............
##........## #.........#
#..........# #.........#
#..........# .........#
#.....Khg..# ##..#....
#.....ghO..# #........
#......@...# #..######
..........## #.##
#........#######.#
###.#............#
#.#.##########.# # #.
#.# #. ..# #. ###


You could see an ogre, 2 jackals, a hobgoblin, a goblin and a kobold.

Vanquished Creatures
  2 adders
  3 worms
  A dart slug (D:1)
  2 leopard geckos
  5 orcs (D:3)
  2 giant cockroaches
  12 goblins
  5 hobgoblins
  5 jackals (D:3)
  A quokka (D:2)
  6 bats
  5 frilled lizards
  8 kobolds
  11 rats
68 creatures vanquished.

Notes
Turn   | Place    | Note
-------+----------+-------------------------------------------
     0 | D:1      | sking99 the Gargoyle Fighter began the quest for the Orb.
     0 | D:1      | Reached XP level 1. HP: 14/14 MP: 1/1
   164 | D:1      | Reached XP level 2. HP: 18/19 MP: 2/2
   483 | D:1      | Reached XP level 3. HP: 24/24 MP: 3/3
   921 | D:2      | Reached XP level 4. HP: 29/29 MP: 4/4
  1420 | D:3      | Noticed an ogre
  1429 | D:3      | Slain by an ogre

Vault maps used:
D:1:      lightli_arrival_quake
D:2:      serial_bayou_ford_a
D:3:      lemuel_castle_with_subvaults, lemuel_crystal_altar,
          grunt_decor_fettered

Skill      XL: |  1  2  3  4 |
---------------+-------------+-----
Maces & Flails | 3 4 |  4.1
Fighting       | 4 |  4.2
Armour         | |  3.2
Shields        | |  3.2

Action                   |  1- 3 |  4- 6 || total
-------------------------+-------+-------++-------
Melee: Flail             |   136 |   134 ||   270
  Eat: Chunk             |       |     2 ||     2
Armor: Scale mail        |    67 |       ||    67
       Plate armour      |    19 |   170 ||   189
Dodge: Dodged            |    39 |    23 ||    62
Block: Shield            |    75 |   112 ||   187

Table legend:
 A = Spawn XP
 B = Non-spawn XP
 C = Spawn XP percentage of total XP
 D = Spawn monster count
 E = Non-spawn monster count
 F = Spawn count percentage of total count
 G = Total turns spent on level
                    A         B        C        D         E        F      G
               +---------+---------+-------+---------+---------+-------+---------
         Total |       0 |     150 |   0.0 |       0 |      68 |   0.0 |  1429
               +---------+---------+-------+---------+---------+-------+---------
           D:1 |       0 |      35 |   0.0 |       0 |      21 |   0.0 |   652
           D:2 |       0 |      54 |   0.0 |       0 |      22 |   0.0 |   489
           D:3 |       0 |      61 |   0.0 |       0 |      25 |   0.0 |   288
               +---------+---------+-------+---------+---------+-------+---------
